 Dungeon Crawl Stone Soup version 0.26-a0-712-ga5a9c9c9d0 (webtiles) character file.

Game seed: 12411085501812242338

830 raph the Destroyer (level 7, -19/36 HPs)
             Began as a Tengu Conjurer on Nov 7, 2020.
             Was a Believer of Sif Muna.
             Killed from afar by Maggie (23 damage)
             ... with a bolt of fire
             ... on level 6 of the Dungeon.
             The game lasted 00:15:26 (8185 turns).

raph the Destroyer (Tengu Conjurer)                 Turns: 8185, Time: 00:15:27

Health: -19/36     AC:  8    Str:  8    XL:     7   Next: 97%
Magic:  4/13       EV: 13    Int: 20    God:    Sif Muna [**....]
Gold:   338        SH:  5    Dex: 12    Spells: 3/13 levels left

rFire    . . .     SeeInvis .   a - +0 quarterstaff
rCold    + . .     Faith    .   (shield currently unavailable)
rNeg     . . .     Spirit   .   s - +2 leather armour {rC+}
rPois    .         Reflect  +   (helmet restricted)
rElec    .         Harm     .   q - +2 cloak
rCorr    .         Rampage  .   (no gloves)
MR       .....                  (boots unavailable)
Stlth    ++........             v - amulet of reflection
HPRegen  0.12/turn              r - ring of wizardry (curse)
MPRegen  0.13/turn              (no ring)

@: mesmerised
A: beak, talons 3, able to fly
a: Fly, Channel Magic, Renounce Religion


You were on level 6 of the Dungeon.
You worshipped Sif Muna.
Sif Muna was pleased with you.
You visited 1 branch of the dungeon, and saw 6 of its levels.

You collected 338 gold pieces.

Inventory:

Hand Weapons
 a - a +0 quarterstaff (weapon)
 d - a +0 dagger
Missiles
 b - 35 poisoned darts (quivered)
Armour
 q - a +2 cloak (worn)
 s - a +2 leather armour of cold resistance (worn)
Jewellery
 r - a cursed ring of wizardry (left hand)
 v - an amulet of reflection (around neck)
 w - an uncursed amulet of regeneration
Wands
 p - a wand of acid (9)
 u - a wand of random effects (21)
 x - a wand of iceblast (12)
Scrolls
 f - a scroll of blinking
 l - a scroll of fear
 m - a scroll of magic mapping {unknown}
 n - a scroll of identify
 t - a scroll of enchant weapon {unknown}
Potions
 c - a potion of cancellation {unknown}
 e - 2 potions of brilliance {unknown}
 g - 4 potions of haste
 h - 2 potions of stabbing
 i - a potion of lignification
 j - a potion of berserk rage {unknown}
 k - 2 potions of magic
 o - 2 potions of curing


   Skills:
 + Level 1.2 Armour
 - Level 3.7 Dodging
 - Level 3.9 Stealth
 + Level 3.8 Spellcasting
 * Level 8.6 Conjurations
 * Level 2.0 Hexes
 + Level 1.6 Invocations


You had 3 spell levels left.
You knew the following spells:

 Your Spells              Type           Power        Failure   Level
a - Magic Dart            Conj           ####         1%          1
b - Searing Ray           Conj           #####.       1%          2
c - Dazzling Flash        Conj/Hex       ####..       2%          3
d - Fulminant Prism       Conj/Hex       ####......   9%          4

Your spell library contained the following spells:

 Spells                   Type           Power        Failure   Level
 Iskenderun's Mystic Bla  Conj/Tloc      ###.....     12%         4


Dungeon Overview and Level Annotations

Branches:
Dungeon (6/15)             Temple (0/1) D:6

Altars:
Cheibriados
Dithmenos
Hepliaklqana
Qazlal
Sif Muna
Yredelemnul

Annotations:
D:6 Maggie


Innate Abilities, Weirdness & Mutations

You have a beak for a mouth.
You have claws for feet.
You can fly continuously.


Message History

Confirm with . or Enter, or press ? or * to list all spells.
Aiming: Searing Ray (safe; 1% risk of failure)
Press: ? - help, Shift-Dir - straight line, f - Maggie
Aim: Maggie, wielding a +2 halberd of freezing and wearing +0 steam dragon scales (almost dead, mesmerising)
The searing ray misses Maggie. (Press . to maintain the ray.) Maggie points at you and mumbles some strange words.
The bolt of fire hits you!!
Ouch! That really hurt!
* * * LOW HITPOINT WARNING * * *
The searing ray hits Maggie.
Maggie is almost dead.
Maggie hits you from afar with a +2 halberd of freezing.
* * * LOW HITPOINT WARNING * * *
The searing ray hits Maggie.
Maggie is almost dead.
Maggie gestures at you while chanting. The bolt of fire hits you!!
Ouch! That really hurt!
You die...

#. #. #. #@
#.######
#.*....#
#####@## #.#
#@# #.# #.#
### #.# ..#
#.# #.# #.#
#.# #.#
#######.###.#
............#


You could see Maggie (mesmerising).

Vanquished Creatures
  Purgy (D:3)
  2 orc priests (D:6)
  Crazy Yiuf (D:3)
  A bullfrog skeleton (D:4)
  Ijyb (D:3)
  Natasha (twice) (D:3)
  5 worker ants
  A hound skeleton (D:6)
  Robin (D:3)
  A howler monkey skeleton (D:4)
  9 gnolls
  15 adders
  2 white imps
  2 oozes
  2 ufetubi (D:5)
  2 worms
  4 dart slugs (D:1)
  5 leopard geckos
  6 orcs
  2 ball pythons
  7 bats
  4 giant cockroaches
  17 goblins
  13 hobgoblins
  9 jackals
  5 kobolds
  6 frilled lizards
  A leopard gecko zombie (D:6)
  14 rats
141 creatures vanquished.

Vanquished Creatures (others)
  3 fulminant prisms (D:6)
  46 plants
49 creatures vanquished.

Grand Total: 190 creatures vanquished

Notes
Turn   | Place    | Note
-------+----------+-------------------------------------------
     0 | D:1      | raph the Tengu Conjurer began the quest for the Orb.
     0 | D:1      | Reached XP level 1. HP: 10/10 MP: 4/4
    42 | D:1      | Reached XP level 2. HP: 9/15 MP: 0/6
   202 | D:1      | Learned a level 2 spell: Searing Ray
   650 | D:1      | Reached XP level 3. HP: 9/19 MP: 4/7
   907 | D:1      | Learned a level 3 spell: Dazzling Flash
  1688 | D:1      | Reached skill level 6 in Conjurations
  2276 | D:2      | Reached XP level 4. HP: 24/24 MP: 4/8
  3021 | D:2      | Found a shimmering blue altar of Sif Muna.
  3024 | D:2      | Became a worshipper of Sif Muna the Loreminder
  3063 | D:3      | Noticed Ijyb
  3325 | D:3      | Gained mutation: You can fly continuously. [Tengu growth]
  3325 | D:3      | Reached XP level 5. HP: 28/28 MP: 10/10
  3393 | D:3      | Found a stormy altar of Qazlal.
  3395 | D:3      | Noticed a water elemental
  3396 | D:3      | Noticed a fire elemental
  3396 | D:3      | Noticed an air elemental
  3471 | D:3      | Found a shadowy altar of Dithmenos.
  3480 | D:3      | Killed Ijyb
  3890 | D:3      | Noticed Natasha
  3894 | D:3      | Noticed Robin
  3895 | D:3      | Killed Natasha
  3895 | D:3      | Reached skill level 7 in Conjurations
  4053 | D:3      | Killed Robin
  4110 | D:3      | Reached * piety under Sif Muna
  4110 | D:3      | Reached XP level 6. HP: 26/32 MP: 8/11
  4178 | D:3      | Learned a level 4 spell: Fulminant Prism
  4560 | D:3      | Noticed Natasha
  4565 | D:3      | Killed Natasha
  4955 | D:3      | Found a basalt altar of Yredelemnul.
  4960 | D:3      | Found a snail-covered altar of Cheibriados.
  5125 | D:3      | Noticed Purgy
  5131 | D:3      | Killed Purgy
  5131 | D:3      | Reached skill level 1 in Hexes
  5131 | D:3      | Reached XP level 7. HP: 36/36 MP: 7/13
  5215 | D:3      | Found a runed translucent door.
  5216 | D:3      | Noticed Crazy Yiuf
  5221 | D:3      | Killed Crazy Yiuf
  5448 | D:4      | Found a hazy altar of Hepliaklqana.
  5471 | D:4      | Reached skill level 8 in Conjurations
  5471 | D:4      | Reached skill level 1 in Invocations
  6294 | D:4      | Reached ** piety under Sif Muna
  6783 | D:5      | Entered Level 5 of the Dungeon
  7562 | D:6      | Found a staircase to the Ecumenical Temple.
  7576 | D:6      | Reached skill level 1 in Armour
  8110 | D:6      | Noticed Maggie
  8185 | D:6      | Killed from afar by Maggie

Illustrated notes

Levels and vault maps discovered:
D:1:      nzn_arrival_crosshair, layout_rooms
D:2:      layout_rooms, lemuel_blue_sif_altar
D:3:      layout_basic, old_standard_altar, nicolae_qazlal_style_of_elements,
          minitemple, serial_bayou_crossing, uniq_natasha, uniq_ijyb,
          uniq_crazy_yiuf_cottage, uniq_robin, uniq_purgy
D:4:      layout_layer_cave, minmay_ruined_shrine
D:5:      layout_basic
D:6:      kennysheep_housing_project, layout_basic,
          nicolae_overflow_crystal_walls, minmay_temple_entry_proselytizer,
          small_statue_intersection, minmay_misc_feat_diagonals, uniq_maggie

Skill      XL: |  1  2  3  4  5  6  7 |
---------------+----------------------+-----
Conjurations   | 6 7 8 |  8.6
Dodging        | 3 |  3.7
Stealth        | 3 |  3.9
Spellcasting   | 3 |  3.8
Hexes          | 1 2 |  2.0
Invocations    | 1 |  1.6
Armour         | 1 |  1.2

Action                   |  1- 3 |  4- 6 |  7- 9 || total
-------------------------+-------+-------+-------++-------
Melee: Unarmed           |     7 |       |       ||     7
       Kick              |     2 |     1 |     2 ||     5
       Peck              |     5 |     5 |       ||    10
       Dagger            |    14 |     8 |       ||    22
       Quarterstaff      |       |    25 |     7 ||    32
 Cast: Magic Dart        |    40 |    47 |    42 ||   129
       Searing Ray       |     6 |    24 |    21 ||    51
       Dazzling Flash    |       |     2 |     1 ||     3
       Fulminant Prism   |       |       |     3 ||     3
  Use: Scroll            |       |       |    17 ||    17
 Stab: Sleeping          |       |     5 |       ||     5
Armor: Robe              |     3 |     6 |     2 ||    11
       Leather armour    |       |       |     4 ||     4
Dodge: Dodged            |    15 |    33 |    15 ||    63
Block: Other             |       |       |     3 ||     3

Table legend: (Time is in decaauts)
 A = Elapsed time spent in this place.
 B = Non-inter-level travel time spent in this place.
 C = Inter-level travel time spent in this place.
 D = Time resting spent in this place.
 E = Time spent auto-exploring this place.
 F = Levels seen in this place.
 G = Mean time per level.
                   A        B        C        D        E       F      G
               +--------+--------+--------+--------+--------+-----+--------+
         Total |   8206 |   7972 |    234 |   4366 |   2557 |   6 | 1367.7 |
       Dungeon |   8206 |   7972 |    234 |   4366 |   2557 |   6 | 1367.7 |
               +--------+--------+--------+--------+--------+-----+--------+

Top non-repeatable levels by time:
     D:1: 1967 daAuts
     D:3: 1831 daAuts
     D:2: 1539 daAuts
     D:4: 1466 daAuts
     D:6: 801 daAuts
     D:5: 601 daAuts
